 Dungeon Crawl Stone Soup version 0.23-a0-814-g91b4073 (console) character file.

70 bli the Chopper (level 4, -1/35 HPs)
             Began as a Formicid Abyssal Knight on Jan 21, 2019.
             Was a Believer of Lugonu.
             Slain by a sky beast (4 damage)
             ... on level 2 of the Dungeon.
             The game lasted 00:05:38 (1893 turns).

bli the Chopper (Formicid Abyssal Knight)           Turns: 1893, Time: 00:05:39

Health: -1/35      AC:  3    Str: 16    XL:     4   Next: 44%
Magic:  0/5        EV: 11    Int: 12    God:    Lugonu [**....]
Gold:   71         SH:  0    Dex: 11    Spells: 3/3 levels left

rFire    . . .     SeeInvis +   a - +1 hand axe
rCold    . . .     Gourm    .   (no shield)
rNeg     . . .     Faith    .   l - +0 leather armour
rPois    .         Spirit   +   (helmet unavailable)
rElec    .         Reflect  .   (no cloak)
rCorr    .         Harm     .   (no gloves)
MR       .....                  (no boots)
Stlth    +.........             f - amulet of guardian spirit
HPRegen  0.11/turn              (no ring)
MPRegen  0.09/turn              (no ring)

@: no status effects
A: permanent stasis, dig shafts and tunnels, four strong arms, antennae 3
a: Dig, Shaft Self, Depart the Abyss, Bend Space, Renounce Religion


You were on level 2 of the Dungeon.
You worshipped Lugonu.
Lugonu was pleased with you.
You were not hungry.

You visited 1 branch of the dungeon, and saw 2 of its levels.
You visited the Abyss 1 time.

You collected 71 gold pieces.

Inventory:

Hand Weapons
 a - a +1 hand axe (weapon)
 b - a +0 war axe
 h - a +0 whip
 m - a +0 spear
Missiles
 e - 7 poisoned needles
 k - 21 stones (quivered)
Armour
 g - a +0 chain mail
 l - a +0 leather armour (worn)
Jewellery
 f - an amulet of guardian spirit (around neck)
Scrolls
 d - a scroll of identify {unknown}
Potions
 i - 2 potions of curing {unknown}
Comestibles
 c - a ration
 j - 2 chunks of flesh


   Skills:
 - Level 3.2 Fighting
 * Level 4.2 Axes
 + Level 2.3 Armour
 - Level 1.0 Dodging
 - Level 2.1 Invocations


You had 3 spell levels left.
You didn't know any spells.
Your spell library was empty.

Dungeon Overview and Level Annotations

Branches:
Dungeon (2/15)

Altars:
Cheibriados


Innate Abilities, Weirdness & Mutations

You cannot be hasted, slowed, berserked, paralysed or teleported.
You can dig through walls and to a lower floor.
Your four strong arms can wield two-handed weapons with a shield.
You have a pair of large antennae on your head. (SInv)


Message History

You hit the sky beast.
The sky beast is severely wounded.
The sky beast hits you. The sky beast shocks you.
The sky beast closely misses you.
You hit the sky beast but do no damage.
The sky beast is severely wounded.
The sky beast misses you.
You hit the sky beast but do no damage.
The sky beast is severely wounded.
The sky beast hits you. The sky beast shocks you.
* * * LOW HITPOINT WARNING * * *
You slash the sky beast!
The sky beast is almost dead.
The sky beast hits you.
* * * LOW HITPOINT WARNING * * *
The sky beast shocks you.
* * * LOW HITPOINT WARNING * * *
You miss the sky beast.
The sky beast is almost dead.
The sky beast hits you.
You die...

............########.##.#
##..........# ##.##.#
#...........# #..#..#
............# #.##.##
.#..........# #.##.#
.##........## #.##.#
...........# #.##.##
#.†.........# #.#...#
............# ####...#..#
.#......... #.....###.#
...<....... #@##.## .#
#.......... #⌠.Y### .⌠
#.#........ ##...# { ##
#.......... ##....
##.######## #..>.{ #..#
#⌠.⌠# ..### #### #...####
#.#....# ..####...# ..#
##.....


You could see a sky beast.

Vanquished Creatures
  2 adders (D:2)
  An ufetubus (D:1)
  A worm (D:2)
  2 leopard geckos
  7 bats
  3 giant cockroaches
  7 goblins
  A hobgoblin (D:1)
  4 jackals (D:1)
  6 kobolds
  A quokka (D:2)
  A frilled lizard (D:2)
  5 rats
41 creatures vanquished.

Notes
Turn   | Place    | Note
-------+----------+-------------------------------------------
     0 | Abyss:1  | bli the Formicid Abyssal Knight began the quest for the
                  | Orb.
     0 | Abyss:1  | Reached XP level 1. HP: 18/18 MP: 2/2
    75 | Abyss:1  | Noticed a large abomination
   103 | Abyss:1  | Noticed a small abomination
   103 | Abyss:1  | Noticed a lich
   103 | Abyss:1  | Noticed a small abomination
   107 | Abyss:1  | Noticed a small abomination
   116 | D:1      | Escaped the Abyss
   346 | D:1      | Reached XP level 2. HP: 24/24 MP: 3/3
   426 | D:1      | Reached skill level 3 in Axes
   484 | D:1      | Reached XP level 3. HP: 12/29 MP: 4/4
   551 | D:1      | Reached skill level 1 in Dodging
   803 | D:1      | Reached ** piety under Lugonu
  1158 | D:2      | Reached XP level 4. HP: 6/35 MP: 1/5
  1159 | D:2      | Reached skill level 4 in Axes
  1521 | D:2      | Found a snail-covered altar of Cheibriados.
  1876 | D:2      | Noticed a sky beast
  1893 | D:2      | Slain by a sky beast

Vault maps used:
D:1:      nzn_arrival_crosshair
D:2:      lemuel_round_altar, grunt_ministairs_8, solitary_fountain,
          uniq_natasha

Skill      XL: |  1  2  3  4 |
---------------+-------------+-----
Axes           | 3 4 |  4.2
Dodging        | 1 |  1.0
Fighting       | |  3.2
Armour         | |  2.3
Invocations    | |  2.1

Action                   |  1- 3 |  4- 6 || total
-------------------------+-------+-------++-------
Melee: Hand axe          |   107 |    77 ||   184
Throw: Stone             |       |     3 ||     3
 Abil: Dig               |       |     3 ||     3
  Eat: Chunk             |       |     4 ||     4
Armor: Leather armour    |    42 |    21 ||    63
Dodge: Dodged            |    87 |    55 ||   142

Table legend:
 A = Non-vault XP
 B = Vault XP
 C = Vault XP percentage of total XP
 D = Non-vault monster count
 E = Vault monster count
 F = Vault count percentage of total count
                 A         B        C        D         E       F
            +---------+---------+-------+---------+---------+-------
      Total |     100 |       0 |   0.0 |      41 |       0 |   0.0
            +---------+---------+-------+---------+---------+-------
        D:1 |      47 |       0 |   0.0 |      24 |       0 |   0.0
        D:2 |      53 |       0 |   0.0 |      17 |       0 |   0.0
            +---------+---------+-------+---------+---------+-------
